 Dungeon Crawl Stone Soup version 0.29-a0-620-g13ace881f2 (webtiles) character file.

Game seed: 10802498693541890562

24288 wilfster70 the Severer (level 12, -6/100 HPs)
             Began as a Minotaur Fighter on June 19, 2022.
             Was an Initiate of Gozag.
             Killed from afar by an electric eel (15 damage)
             ... with a bolt of electricity
             ... on level 2 of the Lair of Beasts.
             The game lasted 00:32:13 (15104 turns).

wilfster70 the Severer (Minotaur Fighter)          Turns: 15104, Time: 00:32:14

Health: -6/100     AC: 15    Str: 31    XL:     12   Next: 79%
Magic:  11/11      EV:  7    Int:  9    God:    Gozag
Gold:   1142       SH: 15    Dex: 11    Spells: 11/11 levels left

rFire   . . .      SeeInvis .   a - +4 broad axe "Weach" {vorpal, rCorr Int+4}
rCold   . . .      Faith    .   A - +2 kite shield {rPois}
rNeg    . . .      Spirit   .   d - +0 plate armour
rPois   +          Reflect  .   (helmet restricted)
rElec   .          Harm     .   (no cloak)
rCorr   +          Rampage  .   (no gloves)
Will    .....                   E - +0 pair of boots
Stlth   ..........              (no amulet)
HPRegen 0.26/turn               L - +4 ring of slaying
MPRegen 0.12/turn               y - +6 ring of strength

@: gold aura
A: horns 2, retaliatory headbutt
a: Renounce Religion, Potion Petition, Call Merchant, Bribe Branch


You were on level 2 of the Lair of Beasts.
You worshipped Gozag.
Gozag was most pleased with you.
You visited 3 branches of the dungeon, and saw 17 of its levels.
You also visited: Sewer.

You collected 2633 gold pieces.
You spent 628 gold pieces at shops.
You paid 863 gold pieces to Gozag.

Inventory:

Hand Weapons
 a - the +4 broad axe "Weach" (weapon) {vorpal, rCorr Int+4}
   (You acquired it on level 1 of the Dungeon)

   It inflicts extra damage upon your enemies.
   Int:       It affects your intelligence (+4).
   rCorr:     It protects you from acid and corrosion.
 b - a +2 spectral flail
Missiles
 m - 6 curare-tipped darts (quivered)
 s - 3 atropa-tipped darts
Armour
 d - a +0 plate armour (worn)
 A - a +2 kite shield of poison resistance (worn)
 E - a +0 pair of boots (worn)
Jewellery
 y - a +6 ring of strength (right hand)
 J - an amulet of regeneration
 K - the amulet of Cueschou {Reflect rF+ rN+ Dex-3 SH+5}
   (You bought it in a shop on level 10 of the Dungeon)

   [amulet of reflection]

   It reflects blocked missile attacks.
   Dex:       It affects your dexterity (-3).
   rF:        It protects you from fire.
   rN:        It protects you from negative energy.
   SH:        It affects your SH (+5).
 L - a +4 ring of slaying (left hand)
Wands
 x - a wand of digging (2)
 B - a wand of quicksilver (18)
 D - a wand of polymorph (2)
 H - a wand of flame (19)
Scrolls
 c - a scroll of vulnerability
 f - 4 scrolls of enchant armour
 g - a scroll of fog
 h - 6 scrolls of teleportation
 n - 8 scrolls of fear
 o - 2 scrolls of poison
 F - a scroll of silence {unknown}
 I - 2 scrolls of torment
Potions
 e - 8 potions of flight
 j - 2 potions of invisibility
 k - 4 potions of haste
 p - 2 potions of brilliance
 q - 3 potions of magic
 u - 2 potions of cancellation
 v - 4 potions of curing
 w - 2 potions of lignification
 z - 2 potions of heal wounds


   Skills:
 - Level 7.0 Fighting
 - Level 18.0 Axes
 + Level 2.6 Throwing
 - Level 10.0 Armour
 - Level 15.0 Shields


You had 11 spell levels left.
You didn't know any spells.
Your spell library contained the following spells:

 Spells                   Type           Power      Damage    Failure   Level
 Sting                    Tmut/Pois      0%         1d3       99%         1
 Poisonous Vapours        Pois/Air       0%         N/A       100%        2
 Static Discharge         Conj/Air       0%         N/A       100%        2
 Tukima's Dance           Hex            0%         N/A       100%        3
 Dispel Undead            Necr           0%         3d6       100%        4
 Olgreb's Toxic Radiance  Pois           0%         N/A       100%        4
 Passage of Golubria      Tloc           0%         N/A       100%        4
 Sticky Flame             Conj/Fire      0%         2d3       100%        4
 Fireball                 Conj/Fire      0%         3d3       100%        5
 Freezing Cloud           Conj/Ice/Air   0%         6-21      100%        5
 Iskenderun's Battlesphe  Conj           0%         2d6       100%        5
 Lightning Bolt           Conj/Air       0%         1d11      100%        5
 Yara's Violent Unravell  Hex/Tmut       0%         3d3       100%        5
 Conjure Ball Lightning   Conj/Air       0%         3x3d6     100%        6
 Orb of Destruction       Conj           0%         9d5       100%        7
 Maxwell's Capacitive Co  Air            0%         ∞         100%        8
 Polar Vortex             Ice            0%         N/A       100%        9
 Simulacrum               Ice/Necr       Unusable   N/A       N/A         6

Dungeon Overview and Level Annotations

Branches:
Dungeon (14/15)            Temple (1/1) D:5            Lair (2/6) D:10
  Swamp (0/4) Lair:2        Sewer (visited)
  Snake: Lair:2-4    Spider: Lair:2-4       Orc: D:9-12      Vaults: D:13-14

Altars:
Ashenzari
Cheibriados
Fedhas
Gozag
Makhleb
Nemelex Xobeh
Okawaru
Qazlal
Ru
Trog
Xom
Yredelemnul
The Shining One

Shops:
D:6 (   D:10 =

Annotations:
D:9 3 runed translucent doors, exclusion: 3 doors
Lair:1 exclusion: oklob plant


Innate Abilities, Weirdness & Mutations

You have a pair of horns on your head.
You reflexively headbutt those who attack you in melee.


Message History

You block the wyvern's attack. x2
You barely miss the wyvern. You headbutt the wyvern.
The wyvern is lightly wounded.
You block the wyvern's attack.
You slash the wyvern! You headbutt the wyvern!
You kill the wyvern!
The electric eel shoots out a bolt of lightning at you!
The bolt of electricity hits you!
An electric eel comes into view.
The electric eel shoots out a bolt of lightning at you!
The bolt of electricity hits the electric eel.
The electric eel completely resists.
The bolt of electricity hits you.
The electric eel shoots out a bolt of lightning at you!
The bolt of electricity hits the fungus.
The fungus begins to die.
The bolt of electricity hits you!
Found a staircase to the Swamp.
The electric eel shoots out a bolt of lightning at you!
The bolt of electricity hits you.
You are too injured to fight recklessly!
You are too injured to fight recklessly!
The electric eel shoots out a bolt of lightning at you!
The bolt of electricity hits you.
The electric eel shoots out a bolt of lightning at you!
The bolt of electricity hits the electric eel.
The electric eel completely resists.
The bolt of electricity hits you!
The electric eel shoots out a bolt of lightning at you!
The bolt of electricity hits you!
* * * LOW HITPOINT WARNING * * *
You see here 14 gold pieces.
The electric eel shoots out a bolt of lightning at you!
The bolt of electricity hits you!
* * * LOW HITPOINT WARNING * * *
The electric eel shoots out a bolt of lightning at you!
The bolt of electricity hits the electric eel.
The electric eel completely resists.
The bolt of electricity hits you!
* * * LOW HITPOINT WARNING * * *
The electric eel shoots out a bolt of lightning at you!
The bolt of electricity hits you!
You die...
Your body crumbles into a pile of gold.

,,*,,,,,.....§§>§§§§....,,,,**≈≈≈
,,,,,,,,.....≈≈≈S§§.....,,,,**∩,,
,,,,,,,,....§.SSS§§.........*****
,,,,,,,,....................* *
,,,,,,,,..................#,* **
,,,,,,,,..................#,** *,
*,****,,.,#..PP#..#.......##,#***
*******,..+.....$........#.#..***
**,,***,........@.............**.
,,,,,,**..##...$$........P#*,,*##
,,,,,,*8..8#..$$..#......##*,,*#.
,,,,*,,,..........#......# **,*##
*,***,,,.>........#......####**#.
*******8..8#.?...........##.#####
,**,,***..##.....................
,,,,,,,,,,..####..#..............
,,,,,,,,,...,....................


You could see 4 electric eels.

Vanquished Creatures
  2 centaur warriors
  3 two-headed ogres
  A fire crab (shapeshifter) (D:13)
  3 skeletal warriors (D:11)
  A manticore (D:11)
  2 ugly things (D:13)
  3 cyclopes
  Joseph (D:7)
  4 cane toads
  A gargoyle (D:13)
  An unseen horror (D:10)
  4 komodo dragons
  A kobold demonologist (D:10)
  3 trolls
  A hornet (D:9)
  Grinder (D:5)
  A shadow (D:13)
  A vampire (D:8)
  The ghost of Shym the Digger, an amateur GrEE of Vehumet (D:4)
  Sigmund (D:5)
  3 wyverns
  28 yaks
  3 steam dragons
  A basilisk (Lair:1)
  3 vampire mosquitoes (D:13)
  Menkaure (D:4)
  Edmund (D:4)
  2 acid dragons
  11 water moccasins
  Duvessa (D:4)
  Pargi (D:3)
  3 black bears
  3 orc warriors
  2 ice beasts (D:7)
  4 centaurs
  6 wolves (Lair:2)
  A phantom (D:6)
  7 bullfrogs
  A necrophage (D:6)
  5 kobold brigands
  2 gnoll sergeants
  5 scorpions
  5 wights (D:7)
  Dowan (D:4)
  11 killer bees
  2 howler monkeys
  9 jellies
  4 hounds
  4 orc priests
  A gnoll shaman (D:10)
  3 iguanas
  Ijyb (D:5)
  Terence (D:3)
  10 orc wizards
  Robin (D:2)
  8 gnolls (D:6)
  13 adders
  4 river rats (Sewer)
  A shadow imp (D:6)
  An ufetubus (D:6)
  3 worms (D:2)
  2 dart slugs (D:5)
  30 orcs
  9 bats
  24 endoplasms
  7 giant cockroaches
  15 goblins
  6 hobgoblins
  6 jackals
  15 kobolds
  7 quokkas
  16 ball pythons
  16 frilled lizards
  7 rats
373 creatures vanquished.

Vanquished Creatures (others)
  32 fungi
  30 plants
62 creatures vanquished.

Grand Total: 435 creatures vanquished

Notes
Turn   | Place    | Note
-------+----------+-------------------------------------------
     0 | D:1      | wilfster70 the Minotaur Fighter began the quest for the
                  | Orb.
     0 | D:1      | Reached XP level 1. HP: 19/19 MP: 0/0
    84 | D:1      | Reached XP level 2. HP: 27/27 MP: 1/1
   122 | D:1      | Reached skill level 3 in Axes
   406 | D:1      | Found Resops's Armour Shop.
   507 | D:1      | Reached XP level 3. HP: 32/33 MP: 2/2
   603 | D:1      | Identified a scroll of acquirement
   603 | D:1      | Acquired the +4 broad axe "Weach" {vorpal, rCorr Int+4}
  1512 | D:2      | Reached skill level 4 in Axes
  1512 | D:2      | Reached XP level 4. HP: 39/40 MP: 3/3
  1567 | D:2      | Noticed Robin
  1574 | D:2      | Killed Robin
  2167 | D:3      | Found a glowing drain.
  2171 | Sewer    | Entered a sewer
  2310 | Sewer    | Reached XP level 5. HP: 47/47 MP: 4/4
  2336 | Sewer    | Reached skill level 5 in Axes
  2490 | Sewer    | Reached skill level 5 in Fighting
  2712 | D:3      | Noticed Terence
  2720 | D:3      | Killed Terence
  3099 | D:3      | Noticed Pargi
  3108 | D:3      | Killed Pargi
  3109 | D:3      | Reached skill level 6 in Axes
  3109 | D:3      | Reached XP level 6. HP: 47/56 MP: 5/5
  3109 | D:3      | Found a faded altar of an unknown god.
  3682 | D:4      | Noticed Duvessa
  3682 | D:4      | Noticed Dowan
  3689 | D:4      | Killed Duvessa
  3690 | D:4      | Reached skill level 7 in Axes
  3690 | D:4      | Reached XP level 7. HP: 50/63 MP: 6/6
  3701 | D:4      | Killed Dowan
  4009 | D:4      | Noticed Edmund
  4011 | D:4      | Found a large runed translucent door.
  4012 | D:4      | Found a large runed translucent door.
  4017 | D:4      | Killed Edmund
  4018 | D:4      | Reached skill level 8 in Axes
  4022 | D:4      | Noticed Shym's ghost (amateur GrEE)
  4107 | D:4      | Noticed Menkaure
  4112 | D:4      | Killed Menkaure
  4903 | D:4      | Killed Shym's ghost
  4904 | D:4      | Reached skill level 9 in Axes
  4904 | D:4      | Reached XP level 8. HP: 39/73 MP: 7/7
  5060 | D:5      | Entered Level 5 of the Dungeon
  5147 | D:5      | Reached skill level 10 in Axes
  5204 | D:5      | Found a staircase to the Ecumenical Temple.
  5208 | D:5      | Noticed Grinder
  5216 | D:5      | Killed Grinder
  5222 | Temple   | Entered the Ecumenical Temple
  5303 | Temple   | Became a worshipper of Gozag Ym Sagoz the Greedy
  5411 | D:5      | Noticed Sigmund
  5420 | D:5      | Killed Sigmund
  5421 | D:5      | Reached skill level 11 in Axes
  5677 | D:5      | Noticed Ijyb
  5689 | D:5      | Killed Ijyb
  5975 | D:5      | Found a snail-covered altar of Cheibriados.
  5976 | D:5      | Found a sparkling altar of Nemelex Xobeh.
  5977 | D:5      | Found a stormy altar of Qazlal.
  5978 | D:5      | Found a shimmering altar of Xom.
  6242 | D:6      | Reached skill level 12 in Axes
  6492 | D:6      | Found Ysikh's Weapon Shop.
  6752 | D:6      | Reached XP level 9. HP: 76/79 MP: 8/8
  6991 | D:6      | Reached skill level 13 in Axes
  7777 | D:7      | Reached skill level 14 in Axes
  7885 | D:7      | Noticed Joseph
  7899 | D:7      | Killed Joseph
  8266 | D:7      | Reached skill level 15 in Axes
  8602 | D:7      | Reached XP level 10. HP: 86/86 MP: 9/9
  9036 | D:8      | Reached skill level 16 in Axes
  9173 | D:8      | Noticed a two-headed ogre
  9174 | D:8      | Noticed a two-headed ogre
  9193 | D:8      | Killed a two-headed ogre
  9194 | D:8      | HP: 3/86 [two-headed ogre/+0 giant club (17)]
  9574 | D:8      | Killed a two-headed ogre
  9575 | D:8      | Reached skill level 17 in Axes
 10451 | D:9      | Noticed a two-headed ogre
 10463 | D:9      | Killed a two-headed ogre
 10464 | D:9      | Reached skill level 18 in Axes
 10464 | D:9      | Reached skill level 5 in Shields
 10867 | D:9      | Found a runed translucent gate.
 10869 | D:9      | Found a runed translucent gate.
 10869 | D:9      | Noticed a moth of wrath
 10869 | D:9      | Noticed a glowing shapeshifter
 10869 | D:9      | a moth of wrath changed into a glowing shapeshifter
 10870 | D:9      | Found a runed translucent gate.
 10870 | D:9      | Noticed a green ugly thing
 10870 | D:9      | Noticed a torpor snail
 10870 | D:9      | a glowing shapeshifter changed into a torpor snail
 10870 | D:9      | Noticed a glowing orange brain
 10871 | D:9      | Noticed a green ugly thing
 10871 | D:9      | Noticed a mana viper
 10871 | D:9      | a torpor snail changed into a mana viper
 10872 | D:9      | Noticed a white ugly thing
 10873 | D:9      | Noticed a purple ugly thing
 10874 | D:9      | Noticed a manticore
 10874 | D:9      | a mana viper changed into a manticore
 10877 | D:9      | Noticed an orb spider
 10877 | D:9      | a manticore changed into an orb spider
 10890 | D:9      | an orb spider changed into a slime creature
 11489 | D:10     | Entered Level 10 of the Dungeon
 11520 | D:10     | Reached XP level 11. HP: 82/92 MP: 10/10
 11664 | D:10     | Found a staircase to the Lair.
 12257 | D:10     | Bought the amulet of Cueschou {Reflect rF+ rN+ Dex-3 SH+5}
                  | for 628 gold pieces
 12439 | D:11     | Reached skill level 10 in Shields
 12527 | D:11     | You fall into a shaft and drop 3 floors!
 12529 | D:14     | Noticed a purple ugly thing
 12529 | D:14     | Noticed a purple ugly thing
 12529 | D:14     | Noticed a purple ugly thing
 12530 | D:14     | Noticed a purple ugly thing
 12537 | D:13     | Noticed a centaur warrior
 12544 | D:13     | Killed a centaur warrior
 12826 | D:13     | Noticed a fire crab
 12831 | D:13     | Killed a fire crab
 12873 | D:13     | Noticed an eight-headed hydra
 12953 | D:13     | Noticed a brown ugly thing
 12961 | D:13     | Killed a brown ugly thing
 12980 | D:13     | Noticed a red ugly thing
 12986 | D:13     | Killed a red ugly thing
 13444 | D:11     | Found a glowing golden altar of the Shining One.
 13471 | D:11     | Reached XP level 12. HP: 90/100 MP: 11/11
 13633 | D:11     | Noticed a centaur warrior
 13642 | D:11     | Killed a centaur warrior
 13853 | D:11     | Reached skill level 15 in Shields
 14028 | Lair:1   | Entered Level 1 of the Lair of Beasts
 14032 | Lair:1   | Reached skill level 5 in Armour
 15075 | Lair:2   | Reached skill level 10 in Armour
 15090 | Lair:2   | Reached skill level 1 in Throwing
 15102 | Lair:2   | Found a staircase to the Swamp.
 15104 | Lair:2   | Killed from afar by an electric eel

Illustrated notes

Levels and vault maps discovered:
D:1:      kilobyte_arrival_exit_the_forest, layout_loops_ring, serial_shops,
          shop
D:2:      layout_basic, uniq_robin
D:3:      layout_loops_corners, hellmonk_ecumenical_altar_pennies_from_heaven,
          gup_sewer_entry_bowl, chequers_serial_rivers_micro_d,
          minmay_lizard_king, uniq_pargi, uniq_terence
D:4:      layout_loops_cross, ebering_ghost_disaster_area, abandoned_shop,
          chequers_serial_rivers_room_b, minmay_misc_feat_doors,
          hangedman_decor_slide_cut, uniq_edmund, uniq_duvessa, uniq_menkaure
D:5:      layout_basic, mainiacjoe_overflow_alcove_3, minmay_temple_entry_grid,
          uniq_ijyb, uniq_grinder, uniq_sigmund
D:6:      layout_layer_cave, serial_shops, shop, grunt_decor_clamped,
          wad_rectangle_vault
D:7:      layout_basic, uniq_joseph
D:8:      minmay_s_stair_smasher, layout_rooms, minmay_misc_feat_rows
D:9:      layout_layer_cave, ploomutoo_gammafunk_ghost_potion_laboratory,
          minivault_16
D:10:     layout_gridville, due_lair_maze_entry_diamond
D:11:     layout_gridville, tso_oasis_becter
D:12:     layout_cave_pods, minmay_orc_entry_temple_small, serial_shops,
          kennysheep_mini_moat, serial_bayou_lagoon_b
D:13:     layout_basic, nicolae_wooded_promenade, minmay_between
D:14:     layout_cross, david_vaults_2, nicolae_elyvilon_peaceful_grove,
          fedhas_altar_3, uniq_josephine
Temple:   dpeg_five_rooms_temple
Lair:1:   lemuel_slime, layout_small_grid
Lair:2:   layout_regular_city, minmay_swamp_entry_eels,
          nicolae_volcano_entry_vermiform, st_stairs_6, ldierk_geyser

Skill      XL: |  1  2  3  4  5  6  7  8  9 10 11 12 |
---------------+-------------------------------------+-----
Axes           | 3 4 6 7 9 12 15 18 | 18.0
Fighting       | 4 5 6 7 |  7.0
Armour         | 4 10 | 10.0
Shields        | 4 6 13 15 | 15.0
Throwing       | 2 |  2.6

Action                   |  1- 3 |  4- 6 |  7- 9 | 10-12 || total
-------------------------+-------+-------+-------+-------++-------
Melee: War axe           |    42 |       |       |       ||    42
       Headbutt          |     9 |     5 |    35 |    92 ||   141
       Broad axe         |    29 |    98 |   215 |   382 ||   724
       Flail             |       |       |       |     2 ||     2
Throw: Dart              |       |       |       |    11 ||    11
Invok: Call Merchant     |       |       |       |     1 ||     1
  Use: Scroll            |     2 |     4 |     3 |    14 ||    23
       Potion            |       |       |     2 |     3 ||     5
Armor: Scale mail        |    34 |    47 |       |       ||    81
       Chain mail        |       |    27 |    81 |    20 ||   128
       Plate armour      |       |       |       |   102 ||   102
Dodge: Dodged            |    35 |    60 |    55 |    54 ||   204
Block: Buckler           |    20 |    24 |    31 |       ||    75
       Kite shield       |       |       |    32 |   216 ||   248

Table legend: (Time is in decaauts)
 A = Elapsed time spent in this place.
 B = Non-inter-level travel time spent in this place.
 C = Inter-level travel time spent in this place.
 D = Time resting spent in this place.
 E = Time spent auto-exploring this place.
 F = Levels seen in this place.
 G = Mean time per level.
                   A        B        C        D        E       F      G
               +--------+--------+--------+--------+--------+-----+--------+
         Total |  15315 |  14778 |    537 |   3380 |   7546 |  18 |  850.8 |
       Dungeon |  13417 |  12952 |    465 |   3351 |   6517 |  14 |  958.4 |
        Temple |    132 |     81 |     51 |      0 |     60 |   1 |  132.0 |
          Lair |   1053 |   1033 |     20 |     29 |    560 |   2 |  526.5 |
         Sewer |    710 |    710 |      0 |      0 |    408 |   1 |  710.0 |
               +--------+--------+--------+--------+--------+-----+--------+

Top non-repeatable levels by time:
     D:7: 1831 daAuts
     D:6: 1536 daAuts
     D:4: 1455 daAuts
     D:9: 1109 daAuts
     D:2: 1072 daAuts
     D:1: 1054 daAuts
     D:3: 1035 daAuts
     D:5: 987 daAuts
    D:10: 934 daAuts
     D:8: 929 daAuts
  Lair:1: 926 daAuts
    D:13: 800 daAuts
   Sewer: 710 daAuts
    D:11: 636 daAuts
  Temple: 132 daAuts
